 Dungeon Crawl Stone Soup version 0.28.0-53-g5a82cb258f (webtiles) character file.

Game seed: 3794050796985649517

4526 mcbry74 the Destroyer (level 10, 0/69 HPs)
             Began as a Pale Draconian Conjurer on July 26, 2022.
             Was a Follower of Vehumet.
             Killed from afar by Maurice (11 damage)
             ... with an iceblast
             ... on level 9 of the Dungeon.
             The game lasted 00:37:44 (11979 turns).

mcbry74 the Destroyer (Pale Draconian Conjurer)    Turns: 11979, Time: 00:37:45

Health: 0/69       AC: 10    Str: 10    XL:     10   Next: 17%
Magic:  22/22      EV: 12    Int: 26    God:    Vehumet [*.....]
Gold:   377        SH:  0    Dex: 15    Spells: 3/13 levels left

rFire   . . .      SeeInvis .   h - +6 trident of Ybualiske {vorpal, rPois Int+3 Dex+6}
rCold   . . .      Faith    .   (no shield)
rNeg    + . .      Spirit   .   (armour unavailable)
rPois   +          Reflect  .   (helmet restricted)
rElec   .          Harm     .   m - +2 cloak {Will+}
rCorr   .          Rampage  .   (no gloves)
Will    +....                   (no boots)
Stlth   ++........              (no amulet)
HPRegen 0.21/turn               d - ring of positive energy
MPRegen 0.18/turn               E - ring of magical power

@: about to teleport
A: breathe steam, AC +7, unfitting armour, cold-blooded, steam resistance
a: Breathe Steam, Renounce Religion


You were on level 9 of the Dungeon.
You worshipped Vehumet.
Vehumet was aware of your devotion.
You visited 2 branches of the dungeon, and saw 11 of its levels.
You also visited: Ossuary.

You collected 377 gold pieces.

Inventory:

Hand Weapons
 b - a +1 dagger of venom
 h - the +6 trident of Ybualiske (weapon) {vorpal, rPois Int+3 Dex+6}
   (You found it on level 2 of the Dungeon)

   It inflicts extra damage upon your enemies.
   Int:       It affects your intelligence (+3).
   Dex:       It affects your dexterity (+6).
   rPois:     It protects you from poison.
Missiles
 r - 4 boomerangs
Armour
 k - a +0 buckler
 m - a +2 cloak of willpower (worn)
Magical Staves
 y - a staff of cold
Jewellery
 d - a ring of positive energy (left hand)
 e - a ring of resist corrosion
 E - a ring of magical power (right hand)
 G - a ring of poison resistance
Wands
 q - a wand of charming (8)
 s - a wand of polymorph (8)
 w - a wand of iceblast (8)
 I - a wand of flame (38)
 K - a wand of acid (6)
Scrolls
 a - 6 scrolls of identify
 n - a scroll of acquirement {unknown}
 t - 2 scrolls of fog
 u - a scroll of silence {unknown}
 v - a scroll of holy word {unknown}
 x - 3 scrolls of amnesia
 B - 6 scrolls of blinking {unknown}
 C - a scroll of noise {unknown}
 F - 2 scrolls of enchant weapon {unknown}
 J - a scroll of teleportation
Potions
 c - 4 potions of mutation {unknown}
 f - 6 potions of haste {unknown}
 g - a potion of invisibility {unknown}
 j - 2 potions of resistance {unknown}
 l - 4 potions of curing {unknown}
 o - a potion of heal wounds {unknown}
 p - 2 potions of attraction {unknown}
 z - a potion of magic {unknown}
 A - a potion of lignification {unknown}
 H - a potion of degeneration {unknown}
 L - a potion of flight {unknown}
Miscellaneous
 D - a piece from Xom's chessboard (15/15)


   Skills:
 + Level 5.8 Polearms
 - Level 1.7 Dodging
 - Level 1.7 Stealth
 - Level 2.0 Spellcasting
 * Level 13.2 Conjurations
 - Level 4.1 Hexes
 - Level 1.0 Evocations


You had 3 spell levels left.
You knew the following spells:

 Your Spells              Type           Power      Damage    Failure   Level
a - Magic Dart            Conj           100%       1d8       1%          1
b - Searing Ray           Conj           100%       2d8       1%          2
c - Dazzling Flash        Conj/Hex       94%        N/A       1%          3
d - Fulminant Prism       Conj/Hex       23%        3d13      3%          4

Your spell library contained the following spells:

 Spells                   Type           Power      Damage    Failure   Level
 Shock                    Conj/Air       100%       1d9       1%          1
 Stone Arrow              Conj/Erth      74%        3d11      1%          3
 Apportation              Tloc           4%         N/A       11%         1
 Iskenderun's Mystic Bla  Conj/Tloc      37%        2d9       7%          4
 Iron Shot                Conj/Erth      18%        9d4       71%         6
 Alistair's Intoxication  Tmut/Pois      1%         N/A       96%         5
 Statue Form              Tmut/Erth      1%         N/A       100%        6


Dungeon Overview and Level Annotations

Branches:
Dungeon (10/15)            Temple (1/1) D:7            Lair (0/6) D:10
Ossuary (visited)
    Orc: D:9-12

Altars:
Ashenzari
Cheibriados
Dithmenos
Elyvilon
Fedhas
Gozag
Hepliaklqana
Kikubaaqudgha
Makhleb
Nemelex Xobeh
Okawaru
Qazlal
Ru
Sif Muna
Trog
Uskayaw
Vehumet
Wu Jian
Xom
Yredelemnul
Zin
The Shining One

Annotations:
D:4 3 runed translucent doors, erker's ghost, novice OpEE
D:9 Maurice


Innate Abilities, Weirdness & Mutations

You can breathe blasts of scalding, opaque steam.
Your pale cyan-grey scales are hard. (AC +7)
You cannot fit into any form of body armour.
You are cold-blooded and may be slowed by cold attacks.
You are immune to the effects of steam.


Message History

Maurice hits you with a +1 short sword of venom.
Maurice steals 1 of your 3 scrolls of teleportation!
You climb upwards.
Found an escape hatch in the floor.
There is a stone staircase leading down here.
Maurice hits you with a +1 short sword of venom!
Maurice steals 2 of your 6 amethyst potions!
You are poisoned.
You feel very sick.
Maurice casts a spell.
Maurice flickers and vanishes!
Deactivating autopickup; reactivate with Ctrl-A.
You feel very sick.
There is a stone staircase leading up, spattered with blood here.
You feel very sick.
You feel sick.
You hear a zap.
An iceblast appears from out of thin air!
The mass of ice explodes!
The iceblast engulfs you.
You feel sick.
Aiming: Polymorph
Press: ? - help, Shift-Dir - straight line Nothing appears to happen.
You feel sick.
You feel sick.
You hear some strange, mumbled words.
You feel sick.
You feel sick.
You feel sick.
You hear a zap.
An iceblast appears from out of thin air!
The mass of ice explodes!
The iceblast engulfs you.
* * * LOW HITPOINT WARNING * * *
Okay, then.
As you read the scroll of teleportation, it crumbles to dust.
You feel strangely unstable.
You feel sick.
You are no longer poisoned.
You hear a zap.
An iceblast appears from out of thin air!
The mass of ice explodes!
The iceblast engulfs you!
You die...

....#...............>..
##..#..#.#...........#
###...#..###...........#.
##........###.............
##..............<..>......#
#...........#.......#.....#
### #..##.......#.......#
.....
..###...#.......{.......#
....
...###.....##..#@.........
... ...#
###.....###........... ..
...## ##...........#.......
. ....#
#..........###...... ....##
##.........# .
.#...#####....#....#
..##...#......#.....
..##.>........#......
..#...y.......#


There were no monsters in sight!

Vanquished Creatures
  Grinder (D:5)
  Prince Ribbit (D:7)
  A yak (D:10)
  An acid dragon (D:8)
  2 orc warriors
  2 sky beasts
  3 ice beasts
  2 black bears
  A necrophage (D:6)
  A centaur (D:3)
  2 phantoms
  A bullfrog (D:7)
  6 scorpions
  A gnoll sergeant (D:9)
  A wyvern skeleton (D:7)
  A water moccasin skeleton (D:6)
  8 wights
  11 killer bees
  5 howler monkeys
  A bullfrog zombie (D:5)
  3 centaur zombies (Ossuary)
  3 hounds
  A human zombie (Ossuary)
  An orc priest (D:7)
  Crazy Yiuf (D:2)
  3 jellies
  A bullfrog skeleton (D:4)
  2 centaur skeletons
  Terence (D:3)
  3 iguanas
  5 orc wizards
  4 scorpion zombies (Ossuary)
  2 hound skeletons (D:4)
  3 mummies (Ossuary)
  2 howler monkey zombies (D:8)
  3 gnolls (D:9)
  7 adders
  An adder skeleton (D:5)
  A worm (D:3)
  2 dart slugs
  26 orcs
  5 bats
  11 endoplasms
  3 giant cockroaches
  3 gnoll zombies (Ossuary)
  8 goblins
  9 hobgoblins
  8 jackals
  4 quokkas
  7 ball pythons
  A frilled lizard (D:1)
  2 goblin zombies (Ossuary)
  6 kobolds
  3 kobold zombies (Ossuary)
  6 rats
203 creatures vanquished.

Vanquished Creatures (others)
  22 fulminant prisms
  6 fungi
  16 plants
44 creatures vanquished.

Grand Total: 247 creatures vanquished

Notes
Turn   | Place    | Note
-------+----------+-------------------------------------------
     0 | D:1      | mcbry74 the Draconian Conjurer began the quest for the Orb.
     0 | D:1      | Reached XP level 1. HP: 14/14 MP: 3/3
   246 | D:1      | Reached XP level 2. HP: 8/20 MP: 5/5
   491 | D:1      | Learned a level 2 spell: Searing Ray
  1414 | D:1      | Reached skill level 5 in Conjurations
  1463 | D:1      | Reached XP level 3. HP: 26/26 MP: 3/6
  1883 | D:2      | Identified the +6 trident of Ybualiske {vorpal, rPois Int+3
                  | Dex+6}
  2084 | D:2      | Got Wiusut's Collected Works on Clay
  2111 | D:2      | Found a shimmering altar of Xom.
  2245 | D:2      | Found a runed translucent door.
  2246 | D:2      | Noticed Crazy Yiuf
  2590 | D:2      | Killed Crazy Yiuf
  2591 | D:2      | Reached XP level 4. HP: 22/33 MP: 0/7
  2828 | D:3      | Reached skill level 6 in Conjurations
  2910 | D:3      | Noticed Terence
  2920 | D:3      | Killed Terence
  2921 | D:3      | Reached XP level 5. HP: 38/38 MP: 1/8
  3521 | D:3      | Noticed a centaur
  3533 | D:3      | Killed a centaur
  3534 | D:3      | Reached skill level 7 in Conjurations
  3725 | D:3      | Found a faded altar of an unknown god.
  3794 | D:3      | Noticed a phantom
  3804 | D:3      | Killed a phantom
  3805 | D:3      | Reached XP level 6. HP: 43/45 MP: 1/9
  4025 | D:3      | Found a sparkling altar of Nemelex Xobeh.
  4626 | D:4      | Reached skill level 8 in Conjurations
  4939 | D:4      | Your scales start taking on a pale cyan-grey colour.
  4939 | D:4      | Reached XP level 7. HP: 50/50 MP: 5/10
  4939 | D:4      | Gained mutation: You are immune to the effects of steam.
                  | [Pale Draconian growth]
  5225 | D:4      | Reached skill level 9 in Conjurations
  5532 | D:4      | Found a runed translucent gate.
  5532 | D:4      | Found a runed translucent gate.
  5534 | D:4      | Found a runed translucent gate.
  5534 | D:4      | Noticed erker's ghost (novice OpEE)
  5635 | D:5      | Entered Level 5 of the Dungeon
  5635 | D:5      | Noticed Grinder
  5814 | D:5      | Reached skill level 10 in Conjurations
  5979 | D:5      | Killed Grinder
  5980 | D:5      | Reached XP level 8. HP: 25/57 MP: 6/11
  6207 | D:5      | Learned a level 3 spell: Dazzling Flash
  6500 | D:5      | Reached skill level 1 in Hexes
  6668 | D:5      | Learned a level 4 spell: Fulminant Prism
  6830 | D:5      | You fall into a shaft and drop 2 floors!
  6863 | D:7      | Found a sand-covered staircase.
  6868 | Ossuary  | Entered an ossuary
  7174 | Ossuary  | Reached skill level 11 in Conjurations
  7982 | D:6      | Reached XP level 9. HP: 62/62 MP: 12/12
  8159 | D:6      | Reached skill level 1 in Evocations
  8341 | D:6      | Reached skill level 1 in Polearms
  8733 | D:7      | Noticed Prince Ribbit
  8747 | D:7      | Killed Prince Ribbit
  8940 | D:7      | Reached skill level 12 in Conjurations
  9202 | D:7      | Found a staircase to the Ecumenical Temple.
  9208 | Temple   | Entered the Ecumenical Temple
  9248 | Temple   | Became a worshipper of Vehumet
 10565 | D:8      | Reached * piety under Vehumet
 10565 | D:8      | Offered knowledge of Shock by Vehumet.
 10596 | D:8      | Reached skill level 5 in Polearms
 11135 | D:8      | Reached XP level 10. HP: 69/69 MP: 13/13
 11553 | D:9      | Reached skill level 13 in Conjurations
 11858 | D:10     | Entered Level 10 of the Dungeon
 11955 | D:10     | Noticed Maurice
 11979 | D:9      | Killed from afar by Maurice

Illustrated notes

Levels and vault maps discovered:
D:1:      dpeg_arrival_rhombi, layout_basic
D:2:      layout_loops_cross, basic_altar, uniq_crazy_yiuf_cottage
D:3:      layout_basic, nemelex_diamond_rough_becter,
          dreamdust_ecumenical_altar_hidden_monk_grotto, uniq_terence
D:4:      layout_basic, gammafunk_ghost_nasty_kobolds
D:5:      layout_basic, uniq_grinder
D:6:      layout_loops_ring, hellmonk_bongcloud_opening
D:7:      layout_loops_ring, minmay_temple_entry_enclosed_plants,
          enter_ossuary_2, uniq_prince_ribbit1
D:8:      layout_loops_ring, serial_rivers, chequers_serial_rivers_micro_e,
          chequers_serial_rivers_room_a, chequers_serial_rivers_small_a,
          chequers_serial_rivers_room_a
D:9:      layout_cave_pools, minmay_between
D:10:     layout_cave_pools, minmay_lair_entry_grove, enter_bailey_3,
          uniq_maurice
Temple:   nicolae_temple_the_god_donut

Skill      XL: |  1  2  3  4  5  6  7  8  9 10 |
---------------+-------------------------------+-----
Conjurations   | 5 6 7 8 10 11 12 13 | 13.2
Hexes          | 3 4 |  4.1
Evocations     | 1 |  1.0
Polearms       | 5 |  5.8
Dodging        | |  1.7
Stealth        | |  1.7
Spellcasting   | |  2.0

Action                   |  1- 3 |  4- 6 |  7- 9 | 10-12 || total
-------------------------+-------+-------+-------+-------++-------
Melee: Dagger            |    13 |       |       |       ||    13
       Tailslap          |     2 |       |    10 |     5 ||    17
       Trident           |     5 |    23 |   141 |    30 ||   199
       Punch             |       |       |     2 |       ||     2
 Cast: Magic Dart        |    74 |    70 |   187 |     9 ||   340
       Searing Ray       |     1 |     6 |    17 |     4 ||    28
       Fulminant Prism   |       |       |    19 |     3 ||    22
Evoke: Wand              |       |       |       |     1 ||     1
  Use: Scroll            |       |       |     5 |     2 ||     7
 Stab: Sleeping          |     3 |       |       |       ||     3
Armor: Skin              |     4 |     9 |    63 |    13 ||    89
Dodge: Dodged            |     8 |    15 |    82 |    36 ||   141
